 Dungeon Crawl Stone Soup version 0.22-a0-533-g4d20840 (webtiles) character file.

23 iamserjio the Charmwright (level 2, 0/15 HPs)
             Began as a Vine Stalker Skald on June 22, 2018.
             Slain by an orc (1 damage)
             ... on level 3 of the Dungeon.
             The game lasted 00:03:18 (443 turns).

iamserjio the Charmwright (Vine Stalker Skald)       Turns: 443, Time: 00:03:19

Health: 0/15       AC:  3    Str: 18    XL:     2   Next: 95%
Magic:  0/6        EV: 12    Int: 18    God:
Gold:   59         SH:  0    Dex: 13    Spells: 4/5 levels left

rFire    . . .     SeeInvis .     - Unarmed
rCold    . . .     Gourm    .   (no shield)
rNeg     . . .     Faith    .   a - +0 leather armour
rPois    .         Spirit   +   (no helmet)
rElec    .         Reflect  .   (no cloak)
rCorr    .         Harm     .   (no gloves)
MR       .....                  (no boots)
Stlth    +.........             (no amulet)
HPRegen  0.05/turn              (no ring)
MPRegen  0.10/turn              (no ring)

@: mighty, brilliant
A: fangs 2, magic shield, antimagic bite, no potion heal 3, rot immunity
a: no special abilities


You were on level 3 of the Dungeon.
You were not hungry.

You visited 1 branch of the dungeon, and saw 3 of its levels.

You collected 59 gold pieces.

Inventory:

Armour
 a - a +0 leather armour (worn)
Scrolls
 b - a scroll of remove curse {unknown}
 f - a scroll of identify {unknown}
Comestibles
 c - 3 rations


   Skills:
 + Level 2.2 Fighting
 - Level 0.7 Armour
 - Level 1.5 Dodging
 * Level 3.0 Unarmed Combat
 - Level 2.1 Spellcasting
 - Level 3.0 Charms


You had 4 spell levels left.
You knew the following spells:

 Your Spells              Type           Power        Failure   Level  Hunger
a - Infusion              Chrm           ###.         1%          1    #......

Your spell library contained the following spells:

 Spells                   Type           Power        Failure   Level  Hunger
 Regeneration             Chrm/Necr      ###.......   4%          3    ###....
 Shroud of Golubria       Chrm/Tloc      ###.......   2%          2    ###....
 Song of Slaying          Chrm           ###.....     1%          2    ###....
 Spectral Weapon          Hex/Chrm       ###.....     4%          3    ###....


Dungeon Overview and Level Annotations

Branches:
Dungeon (3/15)

Altars:


Innate Abilities, Weirdness & Mutations

You have extremely sharp teeth.
When hurt, damage is shared between your health and your magic reserves.
Your bite disrupts and absorbs the magic of your enemies.
Potions cannot restore your health.
You are immune to rotting.


Message History

You hit the orc wizard.
The orc wizard is heavily wounded.
The orc wizard closely misses you. The orc hits you.
* * * LOW HITPOINT WARNING * * *
It was a potion of might.
You feel very mighty all of a sudden.
The orc wizard hits you but does no damage.
The orc wizard hits you with a dagger.
* * * LOW HITPOINT WARNING * * *
The orc priest calls upon Beogh to heal the orc.
The orc's wounds heal themselves!
The orc hits you but does no damage.
It was a potion of brilliance.
You feel clever all of a sudden.
You are no longer magically infusing your attacks.
The orc wizard hits you with a dagger. The orc barely misses you.
You punch the orc wizard!
The orc wizard is almost dead.
The orc wizard hits you but does no damage.
The orc hits you.
You die...

#.# #.#
#.# #.#
#.# #.#
#o#
#o#####
#o@...#
#####.#
#.# #<#
#.# #.#
#.# ###


You could see an orc priest, an orc wizard and an orc.

Vanquished Creatures
  A leopard gecko (D:1)
  An orc (D:3)
  4 bats (D:1)
  6 hobgoblins (D:1)
  A jackal (D:1)
  2 goblins (D:1)
  A kobold (D:1)
  2 rats (D:1)
18 creatures vanquished.

Notes
Turn   | Place    | Note
-------+----------+-------------------------------------------
     0 | D:1      | iamserjio the Vine Stalker Skald began the quest for the Orb.
     0 | D:1      | Reached XP level 1. HP: 11/11 MP: 4/4
   164 | D:1      | Reached XP level 2. HP: 9/15 MP: 6/6
   443 | D:3      | Slain by an orc

Vault maps used:
D:1:      co_arrival_random_square_maze
D:2:      kennysheep_nondescript, uniq_sigmund
D:3:      first_ration

Skill      XL: |  1  2 |
---------------+-------+-----
Fighting       | 2 |  2.2
Unarmed Combat | 3 |  3.0
Armour         | |  0.7
Dodging        | |  1.5
Spellcasting   | |  2.1
Charms         | |  3.0

Action                   || total
-------------------------++-------
Melee: Unarmed           ||    80
       Bite              ||    20
 Cast: Infusion          ||     4
  Use: Potion            ||     2
Armor: Leather armour    ||    26
Dodge: Dodged            ||    58

Table legend:
 A = Spawn XP
 B = Non-spawn XP
 C = Spawn XP percentage of total XP
 D = Spawn monster count
 E = Non-spawn monster count
 F = Spawn count percentage of total count
 G = Total turns spent on level
                    A         B        C        D         E        F      G
               +---------+---------+-------+---------+---------+-------+---------
         Total |       0 |      33 |   0.0 |       0 |      18 |   0.0 |   443
               +---------+---------+-------+---------+---------+-------+---------
           D:1 |       0 |      30 |   0.0 |       0 |      17 |   0.0 |   392
           D:3 |       0 |       3 |   0.0 |       0 |       1 |   0.0 |    30
               +---------+---------+-------+---------+---------+-------+---------
